 Dungeon Crawl Stone Soup version 0.20-a0-738-gb057e68 (webtiles) character file.

302 Nigilith the Poker (level 6, -2/47 HPs)
             Began as a Demonspawn Fighter on Feb 23, 2017.
             Slain by a sky beast (5 damage)
             ... on level 4 of the Dungeon.
             The game lasted 00:06:10 (3554 turns).

Nigilith the Poker (Demonspawn Fighter)             Turns: 3554, Time: 00:06:11

Health: -2/47      AC:  8    Str: 23    XL:     6   Next: 14%
Magic:  6/6        EV:  7    Int: 10    God:
Gold:   116        SH:  9    Dex: 12    Spells: 5/5 levels left

rFire    . . .     SeeInvis .   a - +0 trident
rCold    . . .     Gourm    .   b - +0 scale mail
rNeg     . . .     Faith    .   c - +0 shield
rPois    .         Spirit   .   (helmet restricted)
rElec    .         Reflect  .   q - +0 cloak
rCorr    .         Harm     .   k - +0 pair of gloves
MR       .....                  (no boots)
Stlth    ..........             (no amulet)
Regen    0.2/turn               (no ring)
MPRegen  0.1/turn               (no ring)

@: mighty
A: antennae 2
a: no special abilities


You were on level 4 of the Dungeon.
You were hungry.

You visited 1 branch of the dungeon, and saw 6 of its levels.

You collected 116 gold pieces.

Inventory:

Hand Weapons
 a - a +0 trident (weapon)
 u - a +0 club
Armour
 b - a +0 scale mail (worn)
 c - a +0 shield (worn)
 k - a +0 pair of gloves (worn)
 q - a +0 cloak (worn)
Jewellery
 r - a cursed -3 ring of evasion {unknown}
 y - an uncursed ring of magical power {unknown}
Scrolls
 e - 2 scrolls of remove curse {unknown}
 g - 3 scrolls of identify {unknown}
 i - 3 scrolls of teleportation {unknown}
 o - 2 scrolls of immolation {unknown}
 p - 2 scrolls of fear {unknown}
 s - 2 scrolls of fog {unknown}
 w - a scroll of magic mapping {unknown}
Potions
 d - a potion of might
 h - a potion of mutation {unknown}
 m - a potion of heal wounds {unknown}
 n - a potion of flight {unknown}
 t - a potion of invisibility {unknown}
 v - a potion of magic
 x - a potion of resistance {unknown}
Comestibles
 f - 3 bread rations
 j - 2 meat rations
 l - 6 fruits
 z - a royal jelly


   Skills:
 - Level 3.0 Fighting
 + Level 6.0 Polearms
 - Level 2.6 Armour
 - Level 2.6 Shields


You had 5 spell levels left.
You didn't know any spells.

Dungeon Overview and Level Annotations

Branches:
Dungeon (6/15)
 Temple: D:4-7

Altars:
Makhleb
Wu Jian
Xom


Innate Abilities, Weirdness & Mutations

You have a pair of antennae on your head.


Message History

* * * LOW HITPOINT WARNING * * *
You barely miss the sky beast.
The sky beast is severely wounded.
The sky beast hits you.
* * * LOW HITPOINT WARNING * * *
The sky beast shocks you.
* * * LOW HITPOINT WARNING * * *
It was a potion of magic.
Magic courses through your body. You block the sky beast's attack.
You feel very mighty all of a sudden. You block the sky beast's attack.
You barely miss the sky beast.
The sky beast is severely wounded.
The sky beast barely misses you.
Your shield and scale mail prevent you from hitting the sky beast.
The sky beast is severely wounded.
The sky beast hits you.
* * * LOW HITPOINT WARNING * * *
The sky beast shocks you.
You die...

.#####.#######.
..................
....####.......... ...
#...#####.. #.# #..##
.... #.# #.## #.#..
#.# #.# #.##( #Y#
##.## #. #.
.#####@#####...###.#
#.
#.............#....###
(
########...##...##..#.
. #.#.###.....#..##
##.### #####.#.#..
##...## #.#....
##.....## #.##.##
#.......# #.##.##
#..._...# #.##.##


You could see a sky beast.

Vanquished Creatures
  A scorpion (D:4)
  2 orc priests
  An orc wizard (D:3)
  A worker ant (D:3)
  6 adders
  An ooze (D:3)
  2 worms
  2 dart slugs
  A leopard gecko (D:4)
  8 orcs
  A giant cockroach (D:3)
  12 goblins
  7 hobgoblins
  3 jackals (D:3)
  A ball python (D:2)
  8 bats
  3 frilled lizards
  3 kobolds
  9 rats
72 creatures vanquished.

Notes
Turn   | Place    | Note
-------+----------+-------------------------------------------
     0 | D:1      | Nigilith the Demonspawn Fighter began the quest for the Orb.
     0 | D:1      | Reached XP level 1. HP: 18/18 MP: 1/1
    58 | D:1      | Reached skill level 2 in Polearms
   388 | D:1      | Gained mutation: You have a pair of small antennae on your head. [demonic ancestry]
   388 | D:1      | Reached XP level 2. HP: 23/24 MP: 2/2
  1056 | D:2      | Reached skill level 3 in Polearms
  1091 | D:2      | Found an ornate altar of the Wu Jian Council.
  1104 | D:2      | Reached XP level 3. HP: 19/29 MP: 3/3
  1661 | D:2      | Found a shimmering altar of Xom.
  1845 | D:3      | You fall through a shaft for 3 floors!
  1853 | D:5      | Entered Level 5 of the Dungeon
  1858 | D:5      | Noticed a phantom
  1903 | D:4      | Reached skill level 4 in Polearms
  1903 | D:4      | Reached XP level 4. HP: 22/35 MP: 4/4
  2339 | D:3      | Gained mutation: You have a pair of antennae on your head. [demonic ancestry]
  2339 | D:3      | Reached XP level 5. HP: 35/41 MP: 5/5
  2486 | D:3      | Reached skill level 5 in Polearms
  3355 | D:4      | Reached skill level 6 in Polearms
  3355 | D:4      | Reached XP level 6. HP: 35/47 MP: 6/6
  3432 | D:4      | Found a burning altar of Makhleb.
  3529 | D:4      | Noticed a sky beast
  3554 | D:4      | Slain by a sky beast

Vault maps used:
D:1:      onia_arrival_mini_maze, minmay_tall_x
D:2:      overflow_temple_1_default, lemuel_round_altar, minmay_distorted
D:3:      first_bread, grunt_ministairs_11
D:4:      lemuel_round_altar
D:5:      st_stairs_13
D:6:      nrook_uturn

Skill      XL: |  1  2  3  4  5 |
---------------+----------------+-----
Polearms       | 2 3 4 6 |  6.0
Fighting       | |  3.0
Armour         | |  2.6
Shields        | |  2.6

Action                   |  1- 3 |  4- 6 || total
-------------------------+-------+-------++-------
Melee: Trident           |   102 |   205 ||   307
  Use: Potion            |       |     2 ||     2
  Eat: Chunk             |     3 |     5 ||     8
Armor: Scale mail        |    35 |    77 ||   112
Dodge: Dodged            |    15 |    30 ||    45
Block: Shield            |    30 |    72 ||   102
